 Dungeon Crawl Stone Soup version 0.20-a0-792-g09bcfd3 (webtiles) character file.

122 Alarkh the Slasher (level 4, 32/37 HPs)
             Began as a Demonspawn Monk on Feb 28, 2017.
             Was a Believer of Kikubaaqudgha.
             Quit the game on level 3 of the Dungeon.
             The game lasted 00:02:24 (1514 turns).

Alarkh the Slasher (Demonspawn Monk)                Turns: 1514, Time: 00:02:25

Health: 32/37      AC:  6    Str: 11    XL:     4   Next: 78%
Magic:  4/4        EV: 13    Int: 12    God:    Kikubaaqudgha [**....]
Gold:   115        SH:  3    Dex: 16    Spells: 3/3 levels left

rFire    . . .     SeeInvis .   a - +0 falchion
rCold    . . .     Gourm    .   b - +0 robe
rNeg     . . .     Faith    .   o - +0 buckler
rPois    .         Spirit   +   n - +1 hat
rElec    .         Reflect  .   (no cloak)
rCorr    .         Harm     .   (no gloves)
MR       .....                  j - +0 pair of boots
Stlth    ++........             (no amulet)
Regen    0.2/turn               k - +2 ring of protection (curse)
MPRegen  0.1/turn               f - ring of flight (curse)

@: no status effects
A: talons 1, magic shield
a: Receive Corpses, Renounce Religion, Evoke Flight


You were on level 3 of the Dungeon.
You worshipped Kikubaaqudgha.
Kikubaaqudgha was pleased with you.
You were not hungry.

You visited 1 branch of the dungeon, and saw 3 of its levels.

You collected 115 gold pieces.

Inventory:

Hand Weapons
 a - a +0 falchion (weapon)
Armour
 b - a +0 robe (worn)
 j - a +0 pair of boots (worn)
 n - a +1 hat (worn)
 o - a +0 buckler (worn)
Jewellery
 f - a cursed ring of flight (left hand)
 k - a cursed +2 ring of protection (right hand)
Scrolls
 e - a scroll of fear {unknown}
 h - a scroll of enchant weapon {unknown}
 i - a scroll of recharging {unknown}
 l - a scroll of remove curse {unknown}
 m - 2 scrolls of teleportation {unknown}
 q - a scroll of enchant armour {unknown}
Potions
 g - 2 potions of heal wounds {unknown}
 p - a potion of curing
 r - a potion of cancellation {unknown}
Books
 t - Kikubaaqudgha's Grimoire of Darkness
   (Kikubaaqudgha gifted it to you on level 3 of the Dungeon)

   Spells                             Type                      Level
   a - Pain                           Necromancy                   1
   b - Corpse Rot                     Necromancy                   2
   c - Sublimation of Blood           Necromancy                   2
   d - Regeneration                   Charms/Necromancy            3
   e - Control Undead                 Necromancy                   4
Comestibles
 c - 3 bread rations
 d - 7 chunks of flesh
 s - a royal jelly


   Skills:
 + Level 3.8 Fighting
 * Level 4.0 Long Blades
 + Level 3.4 Dodging
 - Level 1.7 Stealth


You had 3 spell levels left.
You didn't know any spells.

Dungeon Overview and Level Annotations

Branches:
Dungeon (3/15)

Altars:
Kikubaaqudgha


Innate Abilities, Weirdness & Mutations

You have sharp toenails.
When hurt, damage is shared between your health and your magic reserves.


Message History

No target in view!
d - 5 chunks of flesh (gained 1)
You see here a jackal skeleton. x2
d - 7 chunks of flesh (gained 2)
s - a royal jelly
Found 17 stones.
There is a faded altar of an unknown god here.
You cannot tell which god this altar belongs to.
Convert to them anyway?
Okay, then.
You cannot tell which god this altar belongs to.
Convert to them anyway?
Kikubaaqudgha accepts your prayer! Kikubaaqudgha welcomes you!
You can now receive cadavers from Kikubaaqudgha.
You see here Kikubaaqudgha's Grimoire of Darkness.
Kikubaaqudgha grants you a gift!
Kikubaaqudgha is protecting you from necromantic miscasts and death curses. t - Kikubaaqudgha's Grimoire of Darkness Unknown command.
Press < or > to pray at altars.
Are you sure you want to abandon this character and quit the game? (Confirm with "yes".)

.. ####### .##
.# ..# [#
###### #.# .#
...... #.# #.#
....#####.# #.#
#
#......#.####.#
#
#...8.........#
####
#..8@8.#.###..#
#<..
#####...8.รท#.#
#..# #.##
...>.......#.#
#..# #.#
####.#..###.#
#..# #.#
#.#......# #..#
#.# #.?...#####
#..# #.#
...(.....#
#..####.#
.........#
#).......#
..#.$....#
#.#####...


There were no monsters in sight!

Vanquished Creatures
  A jelly (D:3)
  Ijyb (D:3)
  A worm (D:2)
  A dart slug (D:1)
  3 leopard geckos
  8 bats
  12 giant cockroaches (D:2)
  6 hobgoblins
  4 jackals (D:3)
  A ball python (D:2)
  2 frilled lizards (D:1)
  6 goblins
  4 kobolds
  3 rats
53 creatures vanquished.

Notes
Turn   | Place    | Note
-------+----------+-------------------------------------------
     0 | D:1      | Alarkh the Demonspawn Monk began the quest for the Orb.
     0 | D:1      | Reached XP level 1. HP: 18/18 MP: 1/1
   101 | D:1      | Reached skill level 3 in Long Blades
   233 | D:1      | Gained mutation: When hurt, damage is shared between your health and your magic reserves. [demonic ancestry]
   233 | D:1      | Reached XP level 2. HP: 18/24 MP: 2/2
   783 | D:2      | Reached XP level 3. HP: 29/29 MP: 3/3
  1429 | D:3      | Noticed Ijyb
  1460 | D:3      | Killed Ijyb
  1460 | D:3      | Gained mutation: You have sharp toenails. [demonic ancestry]
  1460 | D:3      | Reached XP level 4. HP: 33/36 MP: 4/4
  1471 | D:3      | Found a faded altar of an unknown god.
  1486 | D:3      | Reached skill level 4 in Long Blades
  1512 | D:3      | Became a worshipper of Kikubaaqudgha
  1512 | D:3      | Reached * piety under Kikubaaqudgha
  1512 | D:3      | Identified Kikubaaqudgha's Grimoire of Darkness (Kikubaaqudgha gifted it to you on level 3 of the Dungeon)
  1512 | D:3      | Received a gift from Kikubaaqudgha
  1512 | D:3      | Reached ** piety under Kikubaaqudgha
  1514 | D:3      | Quit the game

Vault maps used:
D:1:      elethiomel_arrival_shortcut
D:2:      minmay_roachtagon
D:3:      chequers_ecumenical_altar_simple, first_bread, uniq_iyjb

Skill      XL: |  1  2  3  4 |
---------------+-------------+-----
Long Blades    | 3 4 |  4.0
Dodging        | 3 |  3.4
Fighting       | |  3.8
Stealth        | |  1.7

Action                   |  1- 3 |  4- 6 || total
-------------------------+-------+-------++-------
Melee: Falchion          |   166 |    10 ||   176
  Use: Potion            |     1 |       ||     1
 Stab: Sleeping          |     6 |       ||     6
  Eat: Chunk             |     2 |       ||     2
Armor: Robe              |    61 |     3 ||    64
Dodge: Dodged            |   170 |    14 ||   184
Block: Buckler           |     6 |     3 ||     9
       Rpst.: Falchion   |    47 |     7 ||    54
